SA
EUGENE VANDALS @ LAREDO HAWKS
07/29/2038
 
TOP OF THE 1ST
Eugene Vandals batting - Pitching for Laredo Hawks : RHP Ed Alexander
Pitching: RHP Ed Alexander
Batting: LHB David Walker 0-0: Ball
1-0: Ball
2-0: Ball
3-0: Called Strike
3-1: Base on Balls
Batting: RHB Salvador Aquino 0-0: Ball
1-0: Ball
2-0: Called Strike
2-1: Foul Ball, location: 2F
2-2: Fly out, F8 (Flyball, 8LM, EV 76.2 MPH)
Batting: LHB Jorge Mejía 0-0: Foul Ball, location: 2F
0-1: Ball
1-1: Foul Ball, location: 2F
1-2: Ball
2-2: Fly out, F5 (Popup, 5, EV 68.1 MPH)
Batting: RHB Ju-ao Cen 0-0: Called Strike
0-1: Ball
1-1: Swinging Strike
1-2: Ball
2-2: Foul Ball, location: 2F
2-2: SINGLE (Groundball, 56D, EV 98.1 MPH)
David Walker to second
Batting: RHB Florante Vallar 0-0: Ball
1-0: Ball
2-0: Foul Ball, location: 2F
2-1: DOUBLE (Flyball, 8LXD, EV 110.0 MPH)
David Walker scores
Ju-ao Cen to third
Runner from 3rd tries for Home, SAFE, no throw by CF
Batting: RHB Paul Stark 0-0: Foul Ball, location: 2F
0-1: Swinging Strike
0-2: Strikes out swinging
Top of the 1st over - 2 runs, 2 hits, 0 errors, 1 left on base; Eugene 2 - Laredo 0
BOTTOM OF THE 1ST
Laredo Hawks batting - Pitching for Eugene Vandals : LHP Ramón García
Pitching: LHP Ramón García
Batting: RHB Paul Pitts 0-0: Ball
1-0: SINGLE (Line Drive, 78S, EV 95.6 MPH)
Batting: RHB Ji-hyun Yi 0-0: Called Strike
0-1: Ball
1-1: DOUBLE (Flyball, 8LXD, EV 103.8 MPH)
Paul Pitts to third
Batting: RHB Robby Long 0-0: Called Strike
0-1: Ball
1-1: Ball
2-1: Ball
3-1: Base on Balls
Batting: LHB Henry Head 0-0: Called Strike
0-1: Foul Ball, location: 2F
0-2: Foul Ball, location: 2F
0-2: Strikes out swinging
Batting: RHB Jesús Gómez 0-0: Foul Ball, location: 2F
0-1: Ball
1-1: SINGLE (Flyball, 78S, EV 95.0 MPH)
Paul Pitts scores
Ji-hyun Yi to third
Robby Long to second
Batting: RHB Jessie Gibbs 0-0: Swinging Strike
0-1: Ball
1-1: Fielders Choice at 2nd, 6-4 (Groundball, 6, EV 91.9 MPH)
Ji-hyun Yi scores
Robby Long to third
Batting: LHB Justice Bigbie 0-0: Called Strike
0-1: Ball
1-1: Ball
2-1: Swinging Strike
2-2: Strikes out swinging
Bottom of the 1st over - 2 runs, 3 hits, 0 errors, 2 left on base; Eugene 2 - Laredo 2
TOP OF THE 2ND
Eugene Vandals batting - Pitching for Laredo Hawks : RHP Ed Alexander
Batting: RHB Abednego Ashpenaz 0-0: Fly out, F8 (Flyball, 8LS, EV 83.1 MPH)
Batting: SHB Mauro Colón 0-0: Fly out, F9 (Line Drive, 9, EV 96.9 MPH)
Batting: RHB Martin Childs 0-0: Ball
1-0: Called Strike
1-1: Fly out, F3 (Flyball, 3D, EV 85.0 MPH)
Top of the 2nd over - 0 runs, 0 hits, 0 errors, 0 left on base; Eugene 2 - Laredo 2
BOTTOM OF THE 2ND
Laredo Hawks batting - Pitching for Eugene Vandals : LHP Ramón García
Batting: RHB Mark Bakker 0-0: Ball
1-0: Ground out 4-3 (Groundball, 4, EV 103.1 MPH)
Batting: LHB Asberry Harpending 0-0: Ground out 6-3 (Groundball, 6, EV 86.2 MPH)
Batting: RHB Paul Pitts 0-0: Called Strike
0-1: Fly out, F7 (Line Drive, 7, EV 85.0 MPH)
Bottom of the 2nd over - 0 runs, 0 hits, 0 errors, 0 left on base; Eugene 2 - Laredo 2
TOP OF THE 3RD
Eugene Vandals batting - Pitching for Laredo Hawks : RHP Ed Alexander
Batting: LHB David Walker 0-0: SINGLE (Groundball, 56S, EV 70.0 MPH) (infield hit)
Batting: RHB Salvador Aquino 0-0: Ball
1-0: Ball
2-0: Ball
3-0: Called Strike
3-1: Base on Balls
David Walker to second
Batting: LHB Jorge Mejía 0-0: Called Strike
0-1: Ball
1-1: Called Strike
1-2: Strikes out swinging
Batting: RHB Ju-ao Cen 0-0: Called Strike
0-1: Ball
1-1: Ball
2-1: Foul Ball, location: 2F
2-2: Strikes out swinging
Batting: RHB Florante Vallar 0-0: Called Strike
0-1: Ball
1-1: Swinging Strike
1-2: Foul Ball, location: 2F
1-2: Fly out, F4 (Flyball, 4D, EV 78.1 MPH)
Top of the 3rd over - 0 runs, 1 hit, 0 errors, 2 left on base; Eugene 2 - Laredo 2
BOTTOM OF THE 3RD
Laredo Hawks batting - Pitching for Eugene Vandals : LHP Ramón García
Batting: RHB Ji-hyun Yi 0-0: Ball
1-0: Swinging Strike
1-1: Foul Ball, location: 2F
1-2: Strikes out swinging
Batting: RHB Robby Long 0-0: Ball
1-0: Foul Ball, location: 2F
1-1: Ball
2-1: Fly out, F7 (Flyball, 78M, EV 91.9 MPH)
Batting: LHB Henry Head 0-0: Called Strike
0-1: Foul Ball, location: 2F
0-2: Fly out, F8 (Flyball, 89S, EV 91.2 MPH)
Bottom of the 3rd over - 0 runs, 0 hits, 0 errors, 0 left on base; Eugene 2 - Laredo 2
TOP OF THE 4TH
Eugene Vandals batting - Pitching for Laredo Hawks : RHP Ed Alexander
Batting: RHB Paul Stark 0-0: Called Strike
0-1: Ball
1-1: Ball
2-1: Swinging Strike
2-2: Ball
3-2: Foul Ball, location: 2F
3-2: Ground out 6-3 (Groundball, 6, EV 88.1 MPH)
Batting: RHB Abednego Ashpenaz 0-0: Called Strike
0-1: Ball
1-1: Foul Ball, location: 2F
1-2: Foul Ball, location: 2F
1-2: SINGLE (Groundball, 56D, EV 108.1 MPH)
Batting: SHB Mauro Colón Pickoff Throw to First - Out! 1-3
0-0: Foul Ball, location: 2F
0-1: Ball
1-1: Ball
2-1: Hit by Pitch
Batting: RHB Martin Childs 0-0: Ball
1-0: Fly out, F6 (Line Drive, 6, EV 71.2 MPH)
Top of the 4th over - 0 runs, 1 hit, 0 errors, 1 left on base; Eugene 2 - Laredo 2
BOTTOM OF THE 4TH
Laredo Hawks batting - Pitching for Eugene Vandals : LHP Ramón García
Batting: RHB Jesús Gómez 0-0: Called Strike
0-1: Ball
1-1: Ball
2-1: Called Strike
2-2: Ball
3-2: Ground out 6-3 (Groundball, 6, EV 78.8 MPH)
Batting: RHB Jessie Gibbs 0-0: Ball
1-0: Called Strike
1-1: SINGLE (Line Drive, 9S, EV 105.0 MPH)
Batting: LHB Justice Bigbie 0-0: Fielders Choice at 2nd, 6-4 (Groundball, 6, EV 79.4 MPH)
Batting: RHB Mark Bakker 0-0: Foul Ball, location: 2F
0-1: Swinging Strike
0-2: Ball
Justice Bigbie steals 2nd, throwing error, E2
Justice Bigbie to third
1-2: Ball
2-2: Fly out, F8 (Line Drive, 8RM, EV 90.0 MPH)
Bottom of the 4th over - 0 runs, 1 hit, 1 error, 1 left on base; Eugene 2 - Laredo 2
TOP OF THE 5TH
Eugene Vandals batting - Pitching for Laredo Hawks : RHP Ed Alexander
Batting: LHB David Walker 0-0: Ball
1-0: Ball
2-0: Ball
3-0: Base on Balls
Batting: RHB Salvador Aquino 0-0: Ball
1-0: Bunted foul
1-1: Sac Bunt to P - play at first, batter OUT! 1-4
David Walker to second
Batting: LHB Jorge Mejía 0-0: Called Strike
0-1: Foul Ball, location: 2F
0-2: Ground out 4-3 (Groundball, 4, EV 88.1 MPH)
David Walker to third
Batting: RHB Ju-ao Cen 0-0: Fly out, F7 (Line Drive, 7, EV 87.5 MPH)
Top of the 5th over - 0 runs, 0 hits, 0 errors, 1 left on base; Eugene 2 - Laredo 2
BOTTOM OF THE 5TH
Laredo Hawks batting - Pitching for Eugene Vandals : LHP Ramón García
Batting: LHB Asberry Harpending 0-0: Ball
1-0: Ball
2-0: Foul Ball, location: 2F
2-1: Ground out 6-3 (Groundball, 6M, EV 83.8 MPH)
Batting: RHB Paul Pitts 0-0: Called Strike
0-1: SINGLE (Line Drive, 8LS, EV 105.0 MPH)
Batting: RHB Ji-hyun Yi 0-0: Called Strike
0-1: Called Strike
0-2: Ball
1-2: DOUBLE (Flyball, 8RXD, EV 101.9 MPH)
Paul Pitts to third
Batting: RHB Robby Long 0-0: Swinging Strike
0-1: Ball
1-1: Foul Ball, location: 2F
1-2: Foul Ball, location: 2F
1-2: Hit by Pitch
Batting: LHB Henry Head 0-0: Ball
1-0: Foul Ball, location: 2F
1-1: Ball
2-1: Ball
3-1: Foul Ball, location: 2F
3-2: Foul Ball, location: 2F
3-2: Fly out, F9 (Flyball, 9, EV 84.4 MPH)
Runner from 3rd tags up, SCORES, throw by RF
Batting: RHB Jesús Gómez 0-0: Ball
1-0: Ball
2-0: Called Strike
2-1: Called Strike
2-2: Ball
3-2: Base on Balls
Ji-hyun Yi to third
Robby Long to second
Batting: RHB Jessie Gibbs 0-0: Ball
1-0: Ball
2-0: Ball
3-0: Called Strike
3-1: Base on Balls
Ji-hyun Yi scores
Robby Long to third
Jesús Gómez to second
Batting: LHB Justice Bigbie 0-0: Called Strike
0-1: Ball
1-1: Ball
2-1: Foul Ball, location: 2F
2-2: Fly out, F5 (Popup, 5, EV 62.5 MPH)
Bottom of the 5th over - 2 runs, 2 hits, 0 errors, 3 left on base; Eugene 2 - Laredo 4
TOP OF THE 6TH
Eugene Vandals batting - Pitching for Laredo Hawks : RHP Ed Alexander
Batting: RHB Florante Vallar 0-0: Called Strike
0-1: SOLO HOME RUN (Flyball, 7LD, EV 93.1 MPH), Distance : 328 ft
Batting: RHB Paul Stark 0-0: Ball
1-0: Fly out, F9 (Flyball, 9S, EV 93.8 MPH)
Pitching: RHP Quan Yang
Batting: RHB Abednego Ashpenaz 0-0: Swinging Strike
0-1: Fly out, F8 (Flyball, 8LD, EV 106.9 MPH)
Batting: SHB Mauro Colón 0-0: Ball
1-0: Swinging Strike
1-1: Ball
2-1: Foul Ball, location: 2F
2-2: Foul Ball, location: 2F
2-2: Ball
3-2: Foul Ball, location: 2F
3-2: Base on Balls
Batting: RHB Martin Childs 0-0: Swinging Strike
0-1: Ball
1-1: Ball
2-1: Foul Ball, location: 2F
2-2: Ball
3-2: Strikes out swinging, 2-3 out at first.
Top of the 6th over - 1 run, 1 hit, 0 errors, 1 left on base; Eugene 3 - Laredo 4
BOTTOM OF THE 6TH
Laredo Hawks batting - Pitching for Eugene Vandals : LHP Ramón García
Batting: RHB Mark Bakker 0-0: Ground out 4-3 (Groundball, 4, EV 100.6 MPH)
Batting: LHB Asberry Harpending 0-0: Ball
1-0: Ball
2-0: Ball
3-0: Swinging Strike
3-1: Foul Ball, location: 2F
3-2: Foul Ball, location: 2F
3-2: Strikes out swinging
Batting: RHB Paul Pitts 0-0: Ball
1-0: Ball
2-0: Called Strike
2-1: Ball
3-1: Base on Balls
Batting: RHB Ji-hyun Yi 0-0: Ball
1-0: Swinging Strike
1-1: Ball
2-1: Ball
Wild Pitch!
Paul Pitts to second
3-1: Fly out, F8 (Flyball, 8LS, EV 97.5 MPH)
Bottom of the 6th over - 0 runs, 0 hits, 0 errors, 1 left on base; Eugene 3 - Laredo 4
TOP OF THE 7TH
Eugene Vandals batting - Pitching for Laredo Hawks : RHP Quan Yang
Batting: LHB David Walker 0-0: Ball
1-0: Ball
2-0: Ball
3-0: Called Strike
3-1: Called Strike
3-2: Strikes out swinging
Batting: RHB Salvador Aquino 0-0: Ball
1-0: Called Strike
1-1: Ball
2-1: SINGLE (Groundball, 56D, EV 98.1 MPH)
Batting: LHB Jorge Mejía 0-0: Called Strike
0-1: Fielders Choice at 2nd, 4-6 (Groundball, 4, EV 107.5 MPH)
Batting: RHB Ju-ao Cen 0-0: Called Strike
0-1: Called Strike
0-2: Fly out, F7 (Flyball, 78D, EV 98.1 MPH)
Top of the 7th over - 0 runs, 1 hit, 0 errors, 1 left on base; Eugene 3 - Laredo 4
BOTTOM OF THE 7TH
Laredo Hawks batting - Pitching for Eugene Vandals : LHP Ramón García
Pitching: RHP Ze-min Li
Batting: RHB Robby Long 0-0: Ball
1-0: Called Strike
1-1: Ball
2-1: Swinging Strike
2-2: Strikes out swinging
Batting: LHB Henry Head 0-0: Called Strike
0-1: Ball
1-1: Ball
2-1: Foul Ball, location: 2F
2-2: Foul Ball, location: 2F
2-2: Strikes out looking
Batting: RHB Jesús Gómez 0-0: Called Strike
0-1: Fly out, F9 (Flyball, 9, EV 88.1 MPH)
Bottom of the 7th over - 0 runs, 0 hits, 0 errors, 0 left on base; Eugene 3 - Laredo 4
TOP OF THE 8TH
Eugene Vandals batting - Pitching for Laredo Hawks : RHP Quan Yang
Batting: RHB Florante Vallar 0-0: Ball
1-0: Foul Ball, location: 2F
1-1: Swinging Strike
1-2: Strikes out swinging
Batting: RHB Paul Stark 0-0: Foul Ball, location: 2F
0-1: Fly out, F4 (Popup, 23, EV 78.1 MPH)
Batting: RHB Abednego Ashpenaz 0-0: Ball
1-0: Called Strike
1-1: Ball
2-1: Called Strike
2-2: Strikes out looking
Top of the 8th over - 0 runs, 0 hits, 0 errors, 0 left on base; Eugene 3 - Laredo 4
BOTTOM OF THE 8TH
Laredo Hawks batting - Pitching for Eugene Vandals : RHP Ze-min Li
Batting: RHB Jessie Gibbs 0-0: Called Strike
0-1: DOUBLE (Groundball, 5L, EV 102.5 MPH)
Batting: LHB Justice Bigbie 0-0: Intentional Walk
Batting: RHB Mark Bakker 0-0: Ball
1-0: Bunt missed!
1-1: Sac Bunt to 13S - play at first, batter OUT! 1-4
Jessie Gibbs to third
Justice Bigbie to second
Batting: LHB Asberry Harpending 0-0: Intentional Walk
Batting: RHB Paul Pitts 0-0: DOUBLE (Line Drive, 9LM, EV 93.1 MPH)
Jessie Gibbs scores
Justice Bigbie scores
Asberry Harpending to third
Runner from 3rd tries for Home, SAFE, throw by RF to trailing runner, SAFE at third!
Pitching: LHP Marcos Velásquez
Batting: RHB Ji-hyun Yi 0-0: Ball
1-0: Ball
2-0: Ball
Wild Pitch!
Paul Pitts scores
3-0: Base on Balls
Batting: RHB Robby Long 0-0: Ball
1-0: Foul Ball, location: 2F
1-1: Foul Ball, location: 2F
1-2: Foul Ball, location: 2F
1-2: Foul Ball, location: 2F
1-2: SINGLE (Line Drive, 8LS, EV 93.1 MPH)
Ji-hyun Yi to second
Runner from 2nd tries for 3rd, SAFE, no throw by CF
Batting: LHB Henry Head 0-0: Ball
1-0: Foul Ball, location: 2F
1-1: Ball
2-1: Foul Ball, location: 2F
2-2: Fly out, F7 (Flyball, 7D, EV 101.9 MPH)
Runner from 3rd tags up, SCORES, no throw by LF
Batting: RHB Jesús Gómez 0-0: Ground out U3 (Groundball, 3S, EV 91.9 MPH)
Bottom of the 8th over - 5 runs, 3 hits, 0 errors, 1 left on base; Eugene 3 - Laredo 9
TOP OF THE 9TH
Eugene Vandals batting - Pitching for Laredo Hawks : RHP Quan Yang
Batting: SHB Mauro Colón 0-0: Called Strike
0-1: Ball
1-1: Ball
2-1: Foul Ball, location: 2F
2-2: Foul Ball, location: 2F
2-2: Ball
3-2: Base on Balls
Batting: RHB Martin Childs 0-0: Ball
1-0: Called Strike
1-1: Called Strike
1-2: Ball
2-2: Ball
3-2: Strikes out swinging
Pitching: LHP Brian Buff
Batting: LHB David Walker 0-0: Ball
1-0: Swinging Strike
1-1: Ball
2-1: Foul Ball, location: 2F
2-2: Strikes out swinging
Batting: RHB Salvador Aquino 0-0: Ball
1-0: Swinging Strike
1-1: Foul Ball, location: 2F
1-2: Foul Ball, location: 2F
1-2: Strikes out swinging
Top of the 9th over - 0 runs, 0 hits, 0 errors, 1 left on base; Eugene 3 - Laredo 9
Friday, April 17th, 2020 - OOTP Baseball 20.8 Build 74